 Dungeon Sprint DCSS version 0.21.1-1-g345015f (webtiles) character file.

4600000 ventricule the Conqueror (level 27, -76/273 HPs)
             Began as a Minotaur Berserker on Feb 20, 2018.
             Was the Champion of Trog.
             Annihilated by a large bag of meat
             ... wielding a +9 giant spiked club
              (104 damage)
             ... in the Dungeon (Sprint VIII: "Arena of Blood").
             The game lasted 00:04:32 (46 turns).

ventricule the Conqueror (Minotaur Berserker)         Turns: 46, Time: 00:04:32

Health: -76/273    AC:  4    Str: 25    XL:     27
Magic:  22/34      EV: 35    Int:  4    God:    Trog [******]
Gold:   0          SH:  0    Dex: 20    Spells: 42/42 levels left

rFire    . . .     SeeInvis .   j - +∞ Axe of Woe
rCold    . . .     Gourm    .   (shield currently unavailable)
rNeg     . . .     Faith    .   b - +0 animal skin
rPois    .         Spirit   .   (helmet restricted)
rElec    .         Reflect  .   (no cloak)
rCorr    .         Harm     .   (no gloves)
MR       ++++.     NoTele   +   (no boots)
Stlth    +++++++++.             (no amulet)
HPRegen  1.55/turn              (no ring)
MPRegen  0.24/turn              (no ring)

@: berserk cooldown, regenerating, slowed, very slow
A: retaliatory headbutt, horns 2
a: Berserk, Trog's Hand, Brothers in Arms, Burn Spellbooks, Renounce Religion


You were in the Dungeon.
You worshipped Trog.
Trog was exalted by your worship.
You were not hungry.

You visited 1 branch


Innate Abilities, Weirdness & Mutations

You reflexively headbutt those who attack you in melee.
You have a pair of horns on your head.


   Skills:
 O Level 27 Fighting
 O Level 27 Axes
 O Level 27 Throwing
 O Level 27 Armour
 O Level 27 Dodging
 O Level 27 Stealth
 O Level 27 Unarmed Combat
 - Level 8.3 Spellcasting


You had 42 spell levels left.
You didn't know any spells.

Inventory:

Hand Weapons
 a - a +0 hand axe
 j - the +∞ Axe of Woe (weapon)
Armour
 b - a +0 animal skin (worn)
Scrolls
 i - a scroll of blinking
Potions
 d - a potion of curing {@q1}
 e - a potion of heal wounds {@q2}
 f - a potion of haste {@q3}
 g - 2 potions of magic
 h - a potion of berserk rage {!q}
Comestibles
 c - a ration

Dungeon Overview and Level Annotations

Branches:
Dungeon (1/1)

Altars:
Makhleb

......... ...
......... ....
▒......V▒ .....
▒.......▒ .....
.▒▒▒.. ....▒▒▒o...o
......▒▒▒o.V#...o.M
......_#VO))%.....
▒.....▒Hoz....▒
▒_.<._▒#O.#..V.
.▒.....▒)o#V..▒.
....._..)...oV...
......▒▒▒.z..oo.#.▒
.▒▒▒.. ..#%▒▒▒..o..
▒.......▒ ..o..
▒.......▒ .....
...%..... ....


You could see an accursed, 6 destroyers, 2 sculptors of flesh, a large bag of
meat (inner flame), a meat berserker (berserk) and 11 bags of meat.


Message History

Trog accepts your kill. Something appears at your feet!
Trog grants you a weapon!
You hear a shout! x6
The destroyer is engulfed in blazing flames.
You hear a shout!
The destroyer blinks! x3
The accursed points at you and mumbles some strange words.
Something smites you!
* * * LOW HITPOINT WARNING * * *
You hear a shout! x2
A bag of meat comes into view. It is wielding a +9 war axe.
You carve the destroyer like a ham!!!
You hew the destroyer savagely.
You destroy the destroyer!
Trog accepts your kill.
Trog appreciates your killing of a magic user.
You hit the bag of meat. You chop the bag of meat into pieces.
You kill the bag of meat!
Trog accepts your kill.
You hear a shout! x5
The destroyer blinks!
You hear a shout!
The meat berserker is engulfed in blazing flames.
The destroyer blinks! x3
The accursed points at you and mumbles some strange words.
Something smites you!
* * * LOW HITPOINT WARNING * * *
The destroyer blinks!
The large bag of meat hits you with a +9 giant spiked club!!!!
You die...

Action                   |  1- 3 |  4- 6 |  7- 9 | 10-12 | 13-15 | 16-18 | 19-21 | 22-24 | 25-27 || total
-------------------------+-------+-------+-------+-------+-------+-------+-------+-------+-------++-------
Melee: Executioner's axe |     1 |       |       |     1 |     3 |     4 |     9 |     9 |     5 ||    32
Invok: Berserk           |       |       |       |     1 |       |       |       |       |       ||     1
       Trog's Hand       |       |       |       |       |       |       |     1 |       |       ||     1
Dodge: Dodged            |       |       |       |     1 |       |       |     1 |     1 |       ||     3

Vault maps used:
D:        meatsprint

Notes
Turn   | Place    | Note
-------+----------+-------------------------------------------
     0 | D        | Found the +∞ Axe of Woe
     0 | D        | ventricule the Minotaur Berserker began the quest for the Orb.
     0 | D        | Reached XP level 1. HP: 19/19 MP: 0/0
     3 | D        | Noticed a bag of meat
     3 | D        | Noticed a meat berserker
     5 | D        | Noticed a bag of meat
     6 | D        | Noticed a bag of meat
     6 | D        | Noticed a bag of meat
     7 | D        | Noticed a bag of meat
     7 | D        | Killed a bag of meat
     7 | D        | Reached skill level 17 in Fighting
     7 | D        | Reached skill level 17 in Axes
     7 | D        | Reached skill level 17 in Armour
     7 | D        | Reached skill level 15 in Dodging
     7 | D        | Reached XP level 2. HP: 51/51 MP: 1/1
     7 | D        | Reached XP level 3. HP: 58/58 MP: 2/2
     7 | D        | Reached XP level 4. HP: 66/66 MP: 3/3
     7 | D        | Reached XP level 5. HP: 73/73 MP: 4/4
     7 | D        | Reached XP level 6. HP: 81/81 MP: 5/5
     7 | D        | Reached XP level 7. HP: 88/88 MP: 6/6
     7 | D        | Reached XP level 8. HP: 95/95 MP: 7/7
     7 | D        | Reached XP level 9. HP: 102/102 MP: 8/8
     7 | D        | Reached XP level 10. HP: 111/111 MP: 9/9
     7 | D        | Reached XP level 11. HP: 117/117 MP: 10/10
     8 | D        | Noticed a bag of meat
     9 | D        | Noticed a meat berserker
     9 | D        | Noticed a meat berserker
     9 | D        | Killed a meat berserker
     9 | D        | Reached ** piety under Trog
     9 | D        | Reached skill level 21 in Fighting
     9 | D        | Reached skill level 21 in Axes
     9 | D        | Reached skill level 21 in Armour
     9 | D        | Reached skill level 19 in Dodging
     9 | D        | Reached XP level 12. HP: 136/136 MP: 11/11
     9 | D        | Reached XP level 13. HP: 143/143 MP: 12/12
     9 | D        | Killed a bag of meat
     9 | D        | Reached skill level 22 in Fighting
     9 | D        | Reached skill level 22 in Axes
     9 | D        | Reached skill level 22 in Armour
     9 | D        | Reached skill level 20 in Dodging
     9 | D        | Reached XP level 14. HP: 155/155 MP: 13/13
     9 | D        | Killed a bag of meat
     9 | D        | Reached skill level 23 in Fighting
     9 | D        | Reached skill level 23 in Axes
     9 | D        | Reached skill level 23 in Armour
     9 | D        | Reached skill level 21 in Dodging
    11 | D        | Noticed a meat berserker
    11 | D        | Killed a bag of meat
    11 | D        | Reached *** piety under Trog
    11 | D        | Reached skill level 24 in Fighting
    11 | D        | Reached skill level 24 in Axes
    11 | D        | Reached skill level 24 in Armour
    11 | D        | Reached skill level 22 in Dodging
    11 | D        | Reached XP level 15. HP: 168/168 MP: 14/14
    12 | D        | Reached skill level 25 in Fighting
    12 | D        | Reached skill level 25 in Axes
    12 | D        | Reached skill level 25 in Armour
    12 | D        | Reached skill level 23 in Dodging
    13 | D        | Noticed a meat berserker
    15 | D        | Noticed a meat berserker
    15 | D        | Noticed a meat berserker
    15 | D        | Killed a meat berserker
    15 | D        | Reached skill level 27 in Fighting
    15 | D        | Reached skill level 27 in Axes
    15 | D        | Reached skill level 27 in Armour
    15 | D        | Reached skill level 25 in Dodging
    15 | D        | Reached XP level 16. HP: 183/183 MP: 15/15
    15 | D        | Reached skill level 27 in Dodging
    15 | D        | Reached skill level 4 in Throwing
    15 | D        | Reached skill level 4 in Stealth
    15 | D        | Reached skill level 5 in Unarmed Combat
    15 | D        | Reached skill level 3 in Spellcasting
    16 | D        | Killed a meat berserker
    16 | D        | Received a gift from Trog
    16 | D        | Reached skill level 11 in Throwing
    16 | D        | Reached skill level 10 in Stealth
    16 | D        | Reached skill level 12 in Unarmed Combat
    16 | D        | Reached skill level 8 in Spellcasting
    16 | D        | Reached XP level 17. HP: 191/191 MP: 15/28
    18 | D        | Killed a meat berserker
    18 | D        | Reached skill level 16 in Throwing
    18 | D        | Reached skill level 14 in Stealth
    18 | D        | Reached skill level 17 in Unarmed Combat
    19 | D        | Killed a meat berserker
    19 | D        | Reached skill level 19 in Throwing
    19 | D        | Reached skill level 17 in Stealth
    19 | D        | Reached skill level 20 in Unarmed Combat
    19 | D        | Reached XP level 18. HP: 146/200 MP: 15/29
    19 | D        | Killed a meat berserker
    19 | D        | Reached skill level 21 in Throwing
    19 | D        | Reached skill level 20 in Stealth
    19 | D        | Reached skill level 23 in Unarmed Combat
    20 | D        | Reached skill level 22 in Throwing
    20 | D        | Reached skill level 21 in Stealth
    20 | D        | Reached skill level 24 in Unarmed Combat
    20 | D        | Reached **** piety under Trog
    20 | D        | Reached skill level 23 in Throwing
    20 | D        | Reached skill level 22 in Stealth
    20 | D        | Reached skill level 25 in Unarmed Combat
    20 | D        | Reached XP level 19. HP: 152/207 MP: 15/30
    21 | D        | Killed a meat berserker
    21 | D        | Reached skill level 25 in Throwing
    21 | D        | Reached skill level 23 in Stealth
    21 | D        | Reached skill level 27 in Unarmed Combat
    21 | D        | Reached skill level 26 in Throwing
    21 | D        | Reached skill level 24 in Stealth
    22 | D        | Noticed a meat berserker
    23 | D        | Noticed a destroyer
    23 | D        | Reached skill level 27 in Throwing
    23 | D        | Reached skill level 26 in Stealth
    23 | D        | Reached skill level 27 in Stealth
    24 | D        | Noticed a large bag of meat
    24 | D        | Noticed a destroyer
    25 | D        | Killed a meat berserker
    25 | D        | Received a gift from Trog
    25 | D        | Reached XP level 20. HP: 165/216 MP: 16/31
    25 | D        | Reached ***** piety under Trog
    25 | D        | Received a gift from Trog
    27 | D        | Noticed a meat berserker
    27 | D        | Received a gift from Trog
    28 | D        | Killed a destroyer
    28 | D        | Reached XP level 21. HP: 176/224 MP: 17/32
    29 | D        | Killed a large bag of meat
    30 | D        | Noticed a destroyer
    30 | D        | HP: 20/224 [destroyer/+9 great sword of slicing (7)]
    30 | D        | Noticed a destroyer
    31 | D        | Killed a destroyer
    31 | D        | Received a gift from Trog
    32 | D        | Received a gift from Trog
    32 | D        | Reached XP level 22. HP: 22/233 MP: 18/33
    32 | D        | Killed a destroyer
    32 | D        | Reached ****** piety under Trog
    33 | D        | Received a gift from Trog
    35 | D        | Noticed a destroyer
    35 | D        | Reached XP level 23. HP: 27/240 MP: 19/34
    35 | D        | Killed a destroyer
    36 | D        | Noticed a destroyer
    36 | D        | Noticed a destroyer
    36 | D        | Noticed a destroyer
    36 | D        | Received a gift from Trog
    37 | D        | Noticed a destroyer
    37 | D        | Received a gift from Trog
    38 | D        | Noticed a destroyer
    39 | D        | Noticed a destroyer
    39 | D        | Noticed a destroyer
    39 | D        | Reached XP level 24. HP: 35/249 MP: 20/34
    40 | D        | Noticed a large bag of meat
    40 | D        | Noticed a destroyer
    40 | D        | Received a gift from Trog
    40 | D        | Killed a destroyer
    41 | D        | Noticed a destroyer
    41 | D        | Noticed a destroyer
    41 | D        | Killed a destroyer
    41 | D        | Reached XP level 25. HP: 39/257 MP: 20/34
    41 | D        | Noticed a destroyer
    41 | D        | Noticed a destroyer
    42 | D        | Noticed a destroyer
    42 | D        | Received a gift from Trog
    42 | D        | Killed a destroyer
    42 | D        | Killed a destroyer
    42 | D        | Reached XP level 26. HP: 42/266 MP: 21/34
    43 | D        | Noticed a destroyer
    43 | D        | Noticed a destroyer
    43 | D        | Killed a destroyer
    43 | D        | Received a gift from Trog
    43 | D        | Received a gift from Trog
    43 | D        | Killed a destroyer
    44 | D        | Killed a destroyer
    44 | D        | Reached XP level 27. HP: 46/273 MP: 21/34
    44 | D        | Killed a destroyer
    44 | D        | Received a gift from Trog
    44 | D        | Received a gift from Trog
    45 | D        | Noticed an accursed
    45 | D        | Killed a destroyer
    45 | D        | Received a gift from Trog
    45 | D        | Received a gift from Trog
    46 | D        | Killed a destroyer
    46 | D        | Annihilated by a large bag of meat

Vanquished Creatures
  14 vampire knights (D)
  13 ogres (D)
  A two-headed ogre (D)
  23 orcs (D)
  2 skeletal warriors (D)
  3 large abominations (D)
  3 small abominations (D)
  4 crawling corpses (D)
63 creatures vanquished.

Vanquished Creatures (others)
  A crawling corpse (D)
1 creature vanquished.

Grand Total: 64 creatures vanquished
